 Dungeon Crawl Stone Soup version 0.30-a0-1082-g70414cbcbb (webtiles) character file.

Game seed: 15766246283539503133

39 FlurksSlurper the Insei (level 3, -1/27 HPs)
             Began as a Demonspawn Gladiator on Apr 15, 2023.
             Slain by a gnoll
             ... wielding a +0 club
              (4 damage)
             ... on level 2 of the Dungeon.
             The game lasted 00:02:47 (970 turns).

FlurksSlurper the Insei (Demonspawn Gladiator)       Turns: 970, Time: 00:02:48

Health: -1/27      AC:  5    Str: 12 (14) XL:     3   Next: 26%
Magic:  3/3        EV: 12    Int:  7 (9)  God:
Gold:   37         SH:  0    Dex: 14 (16) Spells: 2/2 levels left

rFire   . . .      SeeInvis .      - Unarmed
rCold   . . .      Faith    .    (no shield)
rNeg    . . .      Spirit   .    a - +0 leather armour
rPois   .          Reflect  .    b - +0 helmet
rElec   .          Rampage  .    (no cloak)
rCorr   .                        (no gloves)
Will    .....                    h - +0 pair of boots
Stlth   +                        (no amulet)
HPRegen 0.24/turn                (no ring)
MPRegen 0.08/turn                (no ring)

@: brilliant, attractive, flying
A: weakness stinger 2
a: no special abilities


You were on level 2 of the Dungeon.
You visited 1 branch of the dungeon, and saw 2 of its levels.

You collected 37 gold pieces.

Inventory:

Missiles
 c - 3 throwing nets (quivered)
 d - a javelin
Armour
 a - a +0 leather armour (worn)
 b - a +0 helmet (worn)
 h - a +0 pair of boots (worn)
Scrolls
 l - a scroll of amnesia {unknown}
 m - a scroll of enchant armour {unknown}
Potions
 j - a potion of degeneration


   Skills:
 + Level 2.1 Fighting
 + Level 2.0 Throwing
 + Level 0.1 Armour
 + Level 3.0 Dodging
 + Level 3.4 Unarmed Combat


You had 2 spell levels left.
You didn't know any spells.
Your spell library was empty.

Dungeon Overview and Level Annotations

Branches:
Dungeon (2/15)

Altars:

Shops:
D:2 *


Innate Abilities, Weirdness & Mutations

You have a tail ending in a sharp stinger.


Message History

It was a potion of degeneration.
There was something very wrong with that liquid.
You feel weakened.
You feel dopey.
You feel clumsy. The gnoll barely misses you.
The gnoll hits you with a +0 club.
The gnoll hits you from afar with a +0 halberd.
It was a potion of brilliance.
You feel clever all of a sudden. The gnoll barely misses you.
The gnoll misses you. The gnoll closely misses you.
An adder comes into view.
The adder is attracted toward you.
It was a potion of flight.
You feel very buoyant.
You fly up into the air.
The gnoll hits you with a +0 club.
The gnoll hits you from afar with a +0 spear of flaming.
The gnoll burns you.
The gnoll hits you from afar with a +0 halberd!
* * * LOW HITPOINT WARNING * * *
As you read the scroll labelled RESHRE YHET, it crumbles to dust.
You assume a fearsome visage.
The gnoll looks frightened! x3
The worm looks frightened!
The adder looks frightened!
It was a scroll of fear.
The gnoll is attracted toward you. x2; The worm is attracted toward you.
The adder is attracted toward you. The gnoll is attracted toward you. x3
The gnoll is attracted toward you. The gnoll is attracted toward you. x2
The gnoll is attracted toward you. The gnoll is attracted toward you. x2
You closely miss the gnoll. Your punch misses the gnoll.
The gnoll is attracted toward you. The gnoll attacks as you move away!
The gnoll hits you with a +0 club.
* * * LOW HITPOINT WARNING * * *
The gnoll is attracted toward you. The gnoll attacks as you move away!
The gnoll misses you. The gnoll is attracted toward you.
The gnoll attacks as you move away! The gnoll hits you with a +0 club.
* * * LOW HITPOINT WARNING * * *
The gnoll seems to regain its courage.
The gnoll is attracted toward you. The gnoll attacks as you move away!
The gnoll hits you with a +0 club.
You die...

#.#.##......#.############.#####
#.#.#####.###.# #.# #.#.# #.#
#.# #.##### ##.#.# #.# #.###
#.....† #..#.# #.###.#.# #######
##.#.# #.....#.# #.#.#
####..#.######....)... #.#
###........+......... #.#.#
#...#@# #......... #.#.#
#...#g## #......... #.#.#
#...#.g## #.........
#.#.#######.......####.........
#.#.#...........#.§§.#.........
#.#.#.#######...####..§§§......
#.#.#.#######...# ####§######
#.#........##...# #.#
#.....####.##...# #§g


You could see 2 gnolls.

Vanquished Creatures
  An adder (D:2)
  A dart slug (D:2)
  A bat (D:1)
  3 endoplasms (D:1)
  A giant cockroach (D:1)
  A goblin (D:1)
  2 hobgoblins
  5 kobolds
  A quokka (D:1)
  2 ball pythons (D:2)
  4 frilled lizards (D:1)
  5 rats (D:1)
27 creatures vanquished.

Notes
Turn   | Place    | Note
-------+----------+-------------------------------------------
     0 | D:1      | FlurksSlurper the Demonspawn Gladiator began the quest for
                  | the Orb.
     0 | D:1      | Reached XP level 1. HP: 16/16 MP: 1/1
   148 | D:1      | Gained mutation: You have a small tail. [demonic ancestry]
   148 | D:1      | Reached XP level 2. HP: 16/22 MP: 2/2
   773 | D:2      | Gained mutation: You have a tail ending in a sharp stinger.
                  | [demonic ancestry]
   773 | D:2      | Reached XP level 3. HP: 24/27 MP: 3/3
   891 | D:2      | Found Civigekh's General Store.
   970 | D:2      | Slain by a gnoll

Illustrated notes

Levels and vault maps discovered:
D:1:      amcnicky_arrival_choice, layout_loops_cross, minmay_tetromino_l2
D:2:      layout_basic, serial_shops, nicolae_shop_back_alley_shop

Skill      XL: |  1  2  3 |
---------------+----------+-----
Unarmed Combat | 3 |  3.4
Throwing       | 2 |  2.0
Dodging        | 3 |  3.0
Fighting       | |  2.1
Armour         | |  0.1

Action                     || total
---------------------------++-------
  Melee: Unarmed           ||    94
         Tailslap          ||     7
         Punch             ||     1
    Use: Potion            ||     5
         Scroll            ||     1
   Stab: Sleeping          ||     2
 Armour: Leather armour    ||    23
  Dodge: Dodged            ||    66

Table legend: (Time is in decaauts)
 A = Elapsed time spent in this place.
 B = Non-inter-level travel time spent in this place.
 C = Inter-level travel time spent in this place.
 D = Time resting spent in this place.
 E = Time spent auto-exploring this place.
 F = Levels seen in this place.
 G = Mean time per level.
                   A        B        C        D        E       F      G
               +--------+--------+--------+--------+--------+-----+--------+
         Total |    963 |    928 |     35 |      0 |    664 |   2 |  481.5 |
       Dungeon |    963 |    928 |     35 |      0 |    664 |   2 |  481.5 |
               +--------+--------+--------+--------+--------+-----+--------+

Top non-repeatable levels by time:
     D:1: 755 daAuts
     D:2: 208 daAuts
